 Dungeon Crawl Stone Soup version 0.17-a0-1105-gbe8b664 (webtiles) character file.

4 l0ser140 the Firebug (level 1, 0/11 HPs)
             Began as an Octopode Fire Elementalist on May 21, 2015.
             Slain by a quokka (5 damage)
             ... on level 2 of the Dungeon.
             The game lasted 00:01:04 (420 turns).

l0ser140 the Firebug (Octopode Fire Elementalist)    Turns: 420, Time: 00:01:04

Health: 0/11       AC:  1    Str:  7    XL:     1   Next: 60%
Magic:  0/3        EV: 12    Int: 17    God:
Gold:   13         SH:  0    Dex: 12    Spells: 1 memorised, 3 levels left

rFire  . . .     SeeInvis .     (no weapon)
rCold  . . .     Clarity  .     (no shield)
rNeg   . . .     SustAb   .     (helmet restricted)
rPois  .         Gourm    .     (no amulet)
rElec  .         Spirit   .     (no ring)
rCorr  .         Warding  .     (no ring)
rMut   .         Stasis   .     (no ring)
MR     .....                    (no ring)
Stlth  +++.......               (no ring)
                                (no ring)
                                (no ring)
                                (no ring)

@: not resistant to hostile enchantments, fairly stealthy
A: almost no armour, amphibious, 8 rings, constrict 8, camouflage 1, gelatinous
body 1
a: no special abilities


You were on level 2 of the Dungeon.
You were not hungry.

You visited 1 branch of the dungeon, and saw 2 of its levels.

You collected 13 gold pieces.

Inventory:

Scrolls
 d - 2 scrolls of teleportation {unknown}
Potions
 c - a potion of mutation {unknown}
Books
 a - a book of Flames

   Spells                             Type                      Level
   a - Flame Tongue                   Conjuration/Fire             1
   b - Throw Flame                    Conjuration/Fire             2
   c - Conjure Flame                  Conjuration/Fire             3
   d - Inner Flame                    Hexes/Fire                   3
   e - Sticky Flame                   Conjuration/Fire             4
   f - Fireball                       Conjuration/Fire             5
Comestibles
 b - a bread ration


   Skills:
 - Level 2.0 Dodging
 + Level 3.0 Stealth
 - Level 2.0 Spellcasting
 - Level 1.0 Conjurations
 + Level 3.1 Fire Magic


You had 3 spell levels left.
You knew the following spells:

 Your Spells              Type           Power        Failure   Level  Hunger
a - Flame Tongue          Conj/Fire      #....        10%         1    #......


Dungeon Overview and Level Annotations

Branches:
Dungeon (2/15)

Altars:

Annotations:
D:1 exclusion: 2 oozes


Innate Abilities, Weirdness & Mutations

You cannot wear most types of armour.
You are amphibious.
You can wear up to eight rings at the same time.
You can use your tentacles to constrict eight enemies at once.
Your skin changes colour to match your surroundings (Stealth).
Your rubbery body absorbs attacks (AC +1).


Message History

Partly explored, can't reach some places.
There is an open door here.
There is a stone staircase leading down here.
You climb downwards.
Found 9 bolts.
There is a stone staircase leading up here.
You now have 13 gold pieces.
Found a stone staircase leading up.
Found 18 stones.
A bat comes into view.
The bat closely misses you.
You tentacle-slap the bat.
You kill the bat!
Your Stealth skill increases to level 3!
No target in view!
A goblin comes into view. It is wielding a dagger.
Found a scroll labeled TAVONEO UCVEROGE.
You see here 18 stones.
A quokka comes into view.
Found a stone staircase leading up.
The quokka bites you.
Huge Dmg: -36%(-4hp) hp: 64%(7hp)
The quokka bites you.
Huge Dmg: -18%(-2hp) hp: 46%(5hp)
You see here 18 stones.
Casting: Flame Tongue
Confirm with . or Enter, or press ? or * to list all spells.
Aiming: Flame Tongue
Press: ? - help, Shift-Dir - straight line, f - quokka
Aim: a quokka The flame tongue hits the quokka.
The quokka is moderately wounded.
The quokka misses you.
Casting: Flame Tongue
Confirm with . or Enter, or press ? or * to list all spells.
Aiming: Flame Tongue
Press: ? - help, Shift-Dir - straight line, f/p - quokka
Aim: a quokka (moderately wounded)
The flame tongue hits the quokka.
The quokka is moderately wounded.
The quokka closely misses you.
Casting: Flame Tongue
Confirm with . or Enter, or press ? or * to list all spells.
Aiming: Flame Tongue
Press: ? - help, Shift-Dir - straight line, f/p - quokka
Aim: a quokka (moderately wounded)
The flame tongue hits the quokka.
The quokka is severely wounded.
The quokka barely misses you. The quokka bites you.
You die...

####.#.########.#
.....<........##.# #
#####.#.##.#..##.## #.
###.#.##.#....... #.?
.............##
#..######..###.#.##....
.#......##..###.#.# .
......%.........#.#
.........rx.#####.#
###.##.(##### .# # #..#
.# #..# .. #..######.
#...<..... ##.g......
########.


You could see a quokka.

Vanquished Creatures
  2 bats (D:1 D:2)
  3 rats (D:1)
5 creatures vanquished.

Notes
Turn   | Place    | Note
--------------------------------------------------------------
     0 | D:1      | l0ser140 the Octopode Fire Elementalist began the quest for the Orb.
     0 | D:1      | Reached XP level 1. HP: 11/11 MP: 3/3
   403 | D:2      | Reached skill level 3 in Stealth
   412 | D:2      | Huge Dmg: 4 Dmg
   414 | D:2      | Huge Dmg: 2 Dmg
   420 | D:2      | Slain by a quokka

Vault maps used:
D:1:      lemuel_arrival_muddy

Action                   || total
-------------------------++-------
Melee: Unarmed           ||    10
 Cast: Flame Tongue      ||     3
 Stab: Sleeping          ||     2

Vault maps used:
D:1:      lemuel_arrival_muddy
